 Seeded DCSS version 0.30-a0-883-g5ad918d77d (webtiles) character file.

Game seed: 7547814903460644772 (custom seed)

805 tkbsonic5 the Jinx (level 7, -1/60 HPs)
             Began as a Demigod Hexslinger on Mar 16, 2023.
             Succumbed to Duvessa's poison
             ... on level 4 of the Dungeon.
             The game lasted 00:35:01 (5320 turns).

tkbsonic5 the Jinx (Demigod Hexslinger)             Turns: 5320, Time: 00:35:02

Health: -1/60      AC:  8    Str: 13 (15) XL:     7   Next: 33%
Magic:  4/19       EV:  9    Int: 18 (19) God:
Gold:   261        SH:  0    Dex: 11 (14) Spells: 4/18 levels left

rFire   . . .      SeeInvis .    u - +2 flail (pain)
rCold   . . .      Faith    .    (no shield)
rNeg    . . .      Spirit   .    r - +0 scale mail
rPois   .          Reflect  .    s - +0 helmet
rElec   .          Rampage  .    n - +0 cloak
rCorr   .                        (no gloves)
Will    .....                    (no boots) Stlth
                                 (no amulet)
HPRegen 0.30/turn                (no ring)
MPRegen 0.16/turn                (no ring)

@: lethally poisoned (-1 -> -38), about to teleport, very slightly contaminated
A: high MP 1, forlorn, divine attributes
a: no special abilities


You were on level 4 of the Dungeon.
You visited 1 branch of the dungeon, and saw 4 of its levels.

You collected 261 gold pieces.

Inventory:

Hand Weapons
 a - a +1 sling
 b - a +1 heavy flail
 k - a +0 dagger
 l - a +0 rapier
 q - a +1 falchion
 u - a +2 flail of pain (weapon)
Missiles
 g - 5 poisoned darts
Armour
 c - a +0 robe
 h - a +0 buckler
 m - a +0 tower shield
 n - a +0 cloak (worn)
 r - a +0 scale mail (worn)
 s - a +0 helmet (worn)
 t - a +0 leather armour
Magical Staves
 e - a staff of death
Jewellery
 d - a ring of fire
Scrolls
 f - a scroll of magic mapping
 j - a scroll of identify
 p - a scroll of vulnerability


   Skills:
 * Level 4.6 Fighting
 - Level 1.2(1.3) Short Blades
 - Level 0.4(1.0) Long Blades
 * Level 0.0 Maces & Flails
 - Level 6.7 Ranged Weapons
 - Level 0.3 Throwing
 - Level 1.9 Dodging
 * Level 6.1 Spellcasting
 * Level 8.7 Hexes
 + Level 0.0 Necromancy
 + Level 0.0 Evocations


You had 4 spell levels left.
You knew the following spells:

 Your Spells              Type           Power      Damage    Failure   Level
a - Slow                  Hex            100%       N/A       1%          1
b - Portal Projectile     Hex/Tloc       42%        N/A       30%         3
c - Cause Fear            Hex            18%        N/A       16%         4
d - Teleport Other        Tloc           5%         N/A       87%         3
e - Inner Flame           Hex/Fire       21%        N/A       30%         3

Your spell library contained the following spells:

 Spells                   Type           Power      Damage    Failure   Level
 Lesser Beckoning         Tloc           10%        N/A       65%         2
 Gell's Gravitas          Tloc           5%         N/A       87%         3


Dungeon Overview and Level Annotations

Branches:
Dungeon (4/15)
 Temple: D:4-7

Annotations:
D:4 Dowan, Duvessa


Innate Abilities, Weirdness & Mutations

You have an increased reservoir of magic. (+10% MP)
You shall have no god before yourself.
Your divine heritage dramatically boosts your attributes as you level up.


Message History

Dowan blinks!
Duvessa closely misses you.
Unknown command.
Okay, then.
Okay, then.
Your magical effects are unravelling.
You feel magically purged.
Your magical contamination has completely faded away.
You feel yourself speed up.
You feel sick. Duvessa closely misses you.
Dowan points at you and mumbles some strange words.
The puff of flame hits you! Duvessa barely misses you.
Casting: Cause Fear (dangerous; 16% risk of failure)
Press: ? - help, Q - select action, (/) - cycle Dir - look around, f - activate Look: Dowan, wielding a +0 dagger, wearing a +2 robe of willpower and carrying a wand of roots (7) (chance to affect: 38%)
Okay, then.
You miscast Cause Fear.
You are very lightly contaminated with residual magic.
Nothing appears to happen.
You feel sick.
Duvessa hits you with a +0 rapier of venom!
You are more poisoned.
Dowan points at you and mumbles some strange words.
The puff of flame hits you!
As you read the scroll of teleportation, it crumbles to dust.
You feel strangely unstable.
You feel very sick.
Duvessa hits you with a +0 rapier of venom!
* * * LOW HITPOINT WARNING * * *
You are lethally poisoned!
Duvessa hits you with a +0 rapier of venom!
* * * LOW HITPOINT WARNING * * *
You are more poisoned.
You aren't carrying any potions.
Okay, then.
Casting: Cause Fear (dangerous; 16% risk of failure)
Confirm with . or Enter, or press ? or * to list all spells.
Okay, then.
Casting: Cause Fear (dangerous; 16% risk of failure)
Press: ? - help, Q - select action, (/) - cycle Dir - look around, f - activate Duvessa resists with almost no effort.
Dowan resists with almost no effort.
You die...

*###############
#..............#
#.####..##..)..#
#....#..##.###.#
**###...........##.##**
*,,......#..##..#...##.
*,**#.#..#.............
*,* #.e.)#.###.##...###
*,*##)@.e>.# #.###.##
*,*#.......# #.....#
*,*##.....## #####.#
#.###....## ##'##
#........# ##...##
#####.#### ##.....##
#)##.## ##.......#
#####.#...####.........
#....).......+.........


You could see Duvessa (fast) and Dowan.

Vanquished Creatures
  Edmund (D:4)
  An ogre (D:4)
  2 scorpions (D:4)
  A hound (D:4)
  Jessica (D:2)
  An orc wizard (D:3)
  Robin (D:4)
  4 adders
  4 gnolls (D:4)
  A worm (D:2)
  4 orcs
  5 ball pythons
  4 bats
  5 endoplasms
  7 giant cockroaches
  12 hobgoblins
  7 jackals
  5 quokkas
  3 frilled lizards
  16 goblins
  8 kobolds
  5 rats
98 creatures vanquished.

Vanquished Creatures (others)
  An orc wizard (D:3)
1 creature vanquished.

Grand Total: 99 creatures vanquished

Notes
Turn   | Place    | Note
-------+----------+-------------------------------------------
     0 | D:1      | tkbsonic5 the Demigod Hexslinger began the quest for the
                  | Orb.
     0 | D:1      | Reached XP level 1. HP: 15/15 MP: 4/4
    90 | D:1      | Reached skill level 1 in Fighting
   261 | D:1      | Reached XP level 2. HP: 23/23 MP: 6/6
   355 | D:1      | Reached skill level 3 in Hexes
   652 | D:2      | Reached XP level 3. HP: 28/28 MP: 7/7
   652 | D:2      | Noticed Jessica
   655 | D:2      | Killed Jessica
   792 | D:2      | Learned a level 3 spell: Portal Projectile
   848 | D:2      | Reached skill level 5 in Ranged Weapons
   848 | D:2      | Reached skill level 7 in Hexes
   848 | D:2      | Reached XP level 4. HP: 35/35 MP: 9/13
   849 | D:2      | Reached skill level 8 in Hexes
   849 | D:2      | Reached XP level 5. HP: 47/47 MP: 9/16
   915 | D:2      | Learned a level 4 spell: Cause Fear
   919 | D:2      | Learned a level 3 spell: Teleport Other
   923 | D:2      | Learned a level 3 spell: Inner Flame
  2303 | D:3      | Reached XP level 6. HP: 20/53 MP: 15/18
  4214 | D:4      | Noticed an angel
  4216 | D:4      | Noticed an Executioner
  4493 | D:4      | Noticed Edmund
  4610 | D:4      | Killed Edmund
  4611 | D:4      | Reached XP level 7. HP: 60/60 MP: 15/19
  4681 | D:4      | Reached skill level 1 in Short Blades
  4912 | D:4      | Noticed Dowan
  4914 | D:4      | Noticed Duvessa
  4918 | D:4      | Noticed Robin
  5152 | D:4      | Killed Robin
  5320 | D:4      | Succumbed to Duvessa's poison

Illustrated notes

Levels and vault maps discovered:
D:1:      lordsloth_arrival_two_stooges, layout_basic,
          chequers_ecumenical_altar_simple
D:2:      layout_loops_ring, uniq_jessica
D:3:      layout_rooms, ashenzari_conservatory_becter,
          pdpol_wu_jian_five_deadly_venoms, kennysheep_generic_room_14
D:4:      layout_loops_corners, grunt_temple_overflow_order_and_chaos_2,
          kennysheep_mini_moat, nemelex_xobeh_ov_fountains_minmay,
          gup_sewer_entry_spiral, uniq_robin, uniq_edmund, uniq_duvessa

Skill      XL: |  1  2  3  4  5  6  7 |
---------------+----------------------+-----
Fighting       | 1 4 |  4.6
Ranged Weapons | 2 5 6 |  6.7
Hexes          | 3 7 8 |  8.7
Spellcasting   | 4 6 |  6.1
Short Blades   | 1 |  1.2
Long Blades    | |  0.4
Throwing       | |  0.3
Dodging        | |  1.9

Action                     |  1- 3 |  4- 6 |  7- 9 || total
---------------------------+-------+-------+-------++-------
  Melee: Rapier            |     4 |    34 |    19 ||    57
         Falchion          |       |   145 |    39 ||   184
         Punch             |       |     1 |       ||     1
         Flail             |       |       |    34 ||    34
   Fire: Sling             |    82 |    65 |       ||   147
  Throw: Dart              |       |     9 |    10 ||    19
   Cast: Slow              |    16 |    38 |     5 ||    59
         Portal Projectile |       |     5 |       ||     5
         Cause Fear        |       |     7 |     4 ||    11
         Inner Flame       |       |     1 |       ||     1
    Use: Potion            |     1 |    11 |     2 ||    14
         Scroll            |       |    13 |     2 ||    15
   Stab: Fleeing           |       |       |     1 ||     1
 Armour: Robe              |     5 |    25 |       ||    30
         Scale mail        |       |    22 |    50 ||    72
  Dodge: Dodged            |    23 |    96 |    42 ||   161
  Block: Buckler           |       |    24 |       ||    24

Table legend: (Time is in decaauts)
 A = Elapsed time spent in this place.
 B = Non-inter-level travel time spent in this place.
 C = Inter-level travel time spent in this place.
 D = Time resting spent in this place.
 E = Time spent auto-exploring this place.
 F = Levels seen in this place.
 G = Mean time per level.
                   A        B        C        D        E       F      G
               +--------+--------+--------+--------+--------+-----+--------+
         Total |   5430 |   5165 |    265 |    664 |   3292 |   4 | 1357.5 |
       Dungeon |   5430 |   5165 |    265 |    664 |   3292 |   4 | 1357.5 |
               +--------+--------+--------+--------+--------+-----+--------+

Top non-repeatable levels by time:
     D:4: 2297 daAuts
     D:3: 1391 daAuts
     D:2: 1131 daAuts
     D:1: 610 daAuts
